 Dungeon Crawl Stone Soup version 0.26-a0-812-g31a745ddcd (webtiles) character file.

Game seed: 17987987890381185013

235 mkm the Firebug (level 6, 0/32 HPs)
             Began as a Gargoyle Fire Elementalist on Dec 2, 2020.
             Slain by a worker ant (2 damage)
             ... on level 5 of the Dungeon.
             The game lasted 00:14:11 (3478 turns).

mkm the Firebug (Gargoyle Fire Elementalist)        Turns: 3478, Time: 00:14:12

Health: 0/32       AC: 10    Str: 11    XL:     6   Next: 6%
Magic:  11/11      EV: 12    Int: 18    God:
Gold:   116        SH:  0    Dex: 10    Spells: 8/12 levels left

rFire    . . .     SeeInvis .   n - +0 dagger (holy)
rCold    . . .     Faith    .   (no shield)
rNeg     + . .     Spirit   .   f - +0 robe
rPois    ∞         Reflect  .   e - +2 helmet
rElec    +         Harm     .   (no cloak)
rCorr    .         Rampage  .   (no gloves)
MR       .....                  j - +0 pair of boots
Stlth    ++........             (no amulet)
HPRegen  0.10/turn              (no ring)
MPRegen  0.12/turn              (no ring)

@: no status effects
A: negative energy resistance 1, electricity resistance, unbreathing,
petrification resistance, rot immunity, AC +4
a: no special abilities


You were on level 5 of the Dungeon.
You visited 1 branch of the dungeon, and saw 4 of its levels.

You collected 116 gold pieces.

Inventory:

Hand Weapons
 n - a +0 dagger of holy wrath (weapon)
Armour
 e - a +2 helmet (worn)
 f - a +0 robe (worn)
 j - a +0 pair of boots (worn)
Wands
 h - a wand of acid (9)
Scrolls
 a - 2 scrolls of enchant armour {unknown}
 g - 4 scrolls of remove curse
 l - 2 scrolls of random uselessness {unknown}
 o - a scroll of fog {unknown}
Potions
 b - a potion of resistance
 c - a potion of mutation {unknown}
 d - a potion of curing {unknown}
 i - 2 potions of brilliance {unknown}
 k - a potion of lignification {unknown}
 m - a potion of ambrosia {unknown}
 p - a potion of cancellation {unknown}


   Skills:
 - Level 1.5 Dodging
 - Level 2.1 Stealth
 + Level 3.5 Spellcasting
 + Level 3.6 Conjurations
 + Level 0.7 Hexes
 + Level 4.4 Fire Magic


You had 8 spell levels left.
You knew the following spells:

 Your Spells              Type           Power        Failure   Level
a - Foxfire               Conj/Fire      ###.         3%          1
b - Inner Flame           Hex/Fire       ##......     16%         3

Your spell library contained the following spells:

 Spells                   Type           Power        Failure   Level
 Conjure Flame            Conj/Fire      ###.....     9%          3
 Sticky Flame             Conj/Fire      ###.....     30%         4
 Fireball                 Conj/Fire      ###.......   63%         5


Dungeon Overview and Level Annotations

Branches:
Dungeon (3/15)

Altars:
Ashenzari
Fedhas
Kikubaaqudgha


Innate Abilities, Weirdness & Mutations

You are resistant to torment.
Your stone body is resilient. (AC +4)
You are immune to poison.
You resist negative energy. (rN+)
You are resistant to electric shocks. (rElec)
You can survive without breathing.
You are immune to petrification.
You are immune to rotting.


Message History

The hound completely misses you.
Found 2 scrolls of identify.
The hound bites you.
* * * LOW HITPOINT WARNING * * *
The hound bites you but does no damage. The hound barely misses you.
The hound misses you.
You see here 2 scrolls of identify.
The hound misses you. The hound bites you but does no damage.
The hound bites you but does no damage. The hound bites you.
* * * LOW HITPOINT WARNING * * *
The hound barely misses you. The hound closely misses you.
The hound bites you but does no damage.
A worker ant comes into view.
The hound bites you but does no damage. The hound barely misses you.
The worker ant bites you.
You die...

#.##########+#####
#
#...B@h.gZ.#.....
.
##########.#....#
# #.#....# #
#.#....######
#Z#..........
#.#..........
#.#..........
#.#..Z..#####
#.#.#.#.# #


You could see a hound, a worker ant, a gnoll and a centaur skeleton.

Vanquished Creatures
  Jessica (D:2)
  Robin (D:2)
  7 adders
  An ooze (D:3)
  3 worms
  3 dart slugs
  6 orcs (D:3)
  5 giant cockroaches
  21 goblins
  9 hobgoblins
  7 jackals
  10 kobolds
  2 quokkas (D:3)
  4 ball pythons
  14 bats
  3 frilled lizards
  10 rats
107 creatures vanquished.

Vanquished Creatures (others)
  236 foxfires
236 creatures vanquished.

Grand Total: 343 creatures vanquished

Notes
Turn   | Place    | Note
-------+----------+-------------------------------------------
     0 | D:1      | mkm the Gargoyle Fire Elementalist began the quest for the
                  | Orb.
     0 | D:1      | Reached XP level 1. HP: 10/10 MP: 3/3
    61 | D:1      | Reached XP level 2. HP: 15/15 MP: 0/5
   617 | D:1      | Reached XP level 3. HP: 19/19 MP: 3/6
  1362 | D:2      | Reached XP level 4. HP: 24/24 MP: 5/8
  1689 | D:2      | Found an ancient bone altar of Kikubaaqudgha.
  1689 | D:2      | Found a blossoming altar of Fedhas.
  1690 | D:2      | Found a broken altar of Ashenzari.
  1861 | D:2      | Noticed Jessica
  1880 | D:2      | Killed Jessica
  1885 | D:2      | Noticed Robin
  1893 | D:2      | Killed Robin
  1893 | D:2      | Reached skill level 4 in Fire Magic
  1893 | D:2      | Reached XP level 5. HP: 21/28 MP: 2/9
  2380 | D:3      | Learned a level 3 spell: Inner Flame
  3072 | D:3      | Reached XP level 6. HP: 29/32 MP: 7/11
  3382 | D:3      | You fall into a shaft and drop 2 floors!
  3382 | D:5      | Entered Level 5 of the Dungeon
  3456 | D:5      | HP: 1/32 [hound (3)]
  3467 | D:5      | HP: 1/32 [hound (1)]
  3478 | D:5      | Slain by a worker ant

Illustrated notes

Levels and vault maps discovered:
D:1:      psy_arrival_spokes, layout_basic
D:2:      layout_rooms, gammafunk_temple_overflow_claw, minmay_bisected,
          uniq_robin, uniq_jessica
D:3:      layout_basic, minmay_goblin_outpost
D:5:      layout_basic, serial_shops, shop_statue, kennysheep_generic_room_14

Skill      XL: |  1  2  3  4 |
---------------+-------------+-----
Conjurations   | 2 3 |  3.6
Spellcasting   | 3 |  3.5
Fire Magic     | 4 |  4.4
Dodging        | |  1.5
Stealth        | |  2.1
Hexes          | |  0.7

Action                   |  1- 3 |  4- 6 || total
-------------------------+-------+-------++-------
Melee: Unarmed           |     5 |       ||     5
       Whip              |     6 |    40 ||    46
       Dagger            |       |    37 ||    37
 Cast: Foxfire           |    46 |    93 ||   139
  Use: Scroll            |       |     4 ||     4
Armor: Robe              |    20 |    63 ||    83
Dodge: Dodged            |    51 |   121 ||   172

Table legend: (Time is in decaauts)
 A = Elapsed time spent in this place.
 B = Non-inter-level travel time spent in this place.
 C = Inter-level travel time spent in this place.
 D = Time resting spent in this place.
 E = Time spent auto-exploring this place.
 F = Levels seen in this place.
 G = Mean time per level.
                   A        B        C        D        E       F      G
               +--------+--------+--------+--------+--------+-----+--------+
         Total |   3481 |   3429 |     52 |    484 |   1979 |   4 |  870.2 |
       Dungeon |   3481 |   3429 |     52 |    484 |   1979 |   4 |  870.2 |
               +--------+--------+--------+--------+--------+-----+--------+

Top non-repeatable levels by time:
     D:2: 1188 daAuts
     D:1: 1099 daAuts
     D:3: 1098 daAuts
     D:5: 95 daAuts
